 Dungeon Crawl Stone Soup version 0.23.2-33-g5129a83184 (webtiles) character file.

Game seed: 10287209446459455436

2176 kae the Cleaver (level 9, -7/82 HPs)
             Began as a Hill Orc Fighter on June 26, 2019.
             Was a Follower of Beogh.
             Mangled by Joseph
             ... wielding a cursed -2 quarterstaff
              (27 damage)
             ... on level 7 of the Dungeon.
             The game lasted 00:05:10 (6591 turns).

kae the Cleaver (Hill Orc Fighter)                  Turns: 6591, Time: 00:05:10

Health: -7/82      AC:  9    Str: 21    XL:     9   Next: 32%
Magic:  22/22      EV:  7    Int:  8    God:    Beogh [*.....]
Gold:   451        SH:  9    Dex: 11    Spells: 8/8 levels left

rFire    + . .     SeeInvis .   a - +0 war axe
rCold    x . .     Gourm    .   c - +0 shield
rNeg     . . .     Faith    .   b - +1 scale mail
rPois    .         Spirit   .   (no helmet)
rElec    .         Reflect  .   i - +0 cloak
rCorr    .         Harm     .   (no gloves)
MR       .....                  j - +0 pair of boots
Stlth    ..........             (no amulet)
HPRegen  0.23/turn              e - ring of fire
MPRegen  0.18/turn              h - ring of magical power

@: drained
A: no striking features
a: Renounce Religion


You were on level 7 of the Dungeon.
You worshipped Beogh.
Beogh was aware of your devotion.
You were near starving.

You visited 1 branch of the dungeon, and saw 7 of its levels.

You collected 451 gold pieces.

Inventory:

Hand Weapons
 a - a +0 war axe (weapon)
Armour
 b - a +1 scale mail (worn)
 c - a +0 shield (worn)
 i - a +0 cloak (worn)
 j - a +0 pair of boots (worn)
Jewellery
 e - a ring of fire (left hand)
 h - a ring of magical power (right hand)
 p - a cursed ring of teleportation {unknown}
Wands
 l - a wand of acid (5)
Scrolls
 k - 2 scrolls of enchant weapon
 n - a scroll of fear
 q - a scroll of amnesia
 r - a scroll of magic mapping
 s - a scroll of blinking
 t - a scroll of identify
Potions
 d - a potion of brilliance
 g - a potion of resistance {unknown}
 m - a potion of berserk rage
 o - a potion of heal wounds
Comestibles
 f - 12 rations


   Skills:
 + Level 8.6(7.6) Fighting
 * Level 11.9(10.8) Axes
 - Level 3.2(2.4) Armour
 - Level 3.2(2.4) Shields
 + Level 5.6(4.7) Invocations


You had 8 spell levels left.
You didn't know any spells.
Your spell library was empty.

Dungeon Overview and Level Annotations

Branches:
Dungeon (7/15)             Temple (0/1) D:6

Altars:
Fedhas
Hepliaklqana
Kikubaaqudgha
Okawaru
Wu Jian
Yredelemnul

Shops:
D:7 (

Annotations:
D:7 Joseph


Message History

You barely miss Joseph.
Joseph is heavily wounded.
Joseph closely misses you.
You closely miss Joseph.
Joseph is heavily wounded.
Joseph completely misses you.
Joseph hits you with a cursed -2 quarterstaff!
* * * LOW HITPOINT WARNING * * *
You slash Joseph!
Joseph is heavily wounded.
Joseph hits you with a cursed -2 quarterstaff!
* * * LOW HITPOINT WARNING * * *
You closely miss Joseph.
Joseph is heavily wounded.
Joseph completely misses you.
You feel much better.
Joseph hits you with a cursed -2 quarterstaff!
* * * LOW HITPOINT WARNING * * *
Joseph hits you with a cursed -2 quarterstaff!!
You die...

#. #.. ###. ## #.###
#... . #...# #.##
#>#...# #.[. .#...
#### ... # #@#.#
######
#.###@#.#######
#.).(.
#.............#
#.....
#####.#.#.....#
#.....
####.#.##.##.#####...
#....# ##......# #.##
#.####.##..#.#.# #.#
#.# #.....###.###.#
#.# #####.###.....#
#.# #....#######


You could see Joseph (berserk).

Vanquished Creatures
  Eustachio (D:5)
  Menkaure (D:5)
  2 ice beasts (D:6)
  A necrophage (D:5)
  An ogre (D:7)
  2 centaurs (D:5)
  A big kobold (D:7)
  A bullfrog (D:6)
  2 gnoll sergeants
  A scorpion (D:5)
  2 crimson imps
  A quasit (D:6)
  2 centaur skeletons (D:5)
  Crazy Yiuf (D:3)
  A centaur zombie (D:5)
  A bullfrog skeleton (D:4)
  6 hounds
  5 iguanas
  An orc wizard (D:4)
  Natasha (thrice) (D:3)
  Ijyb (D:3)
  4 worker ants
  Robin (D:2)
  3 adders
  13 gnolls
  A shadow imp (D:5)
  An ooze (D:3)
  An adder zombie (D:5)
  An adder skeleton (D:4)
  2 worms
  2 dart slugs
  9 leopard geckos
  12 orcs
  4 giant cockroaches
  17 goblins
  14 hobgoblins
  19 jackals
  2 quokkas
  4 bats
  7 frilled lizards
  11 kobolds
  A quokka skeleton (D:7)
  11 rats
177 creatures vanquished.

Notes
Turn   | Place    | Note
-------+----------+-------------------------------------------
     0 | D:1      | kae the Hill Orc Fighter began the quest for the Orb.
     0 | D:1      | Reached XP level 1. HP: 19/19 MP: 1/1
   143 | D:1      | Reached skill level 3 in Axes
   177 | D:1      | Reached XP level 2. HP: 24/27 MP: 2/2
   318 | D:1      | Reached skill level 4 in Axes
   332 | D:1      | Reached XP level 3. HP: 28/33 MP: 3/3
  1008 | D:2      | Noticed Robin
  1014 | D:2      | Reached XP level 4. HP: 37/41 MP: 4/4
  1018 | D:2      | Killed Robin
  1018 | D:2      | Reached skill level 5 in Axes
  1452 | D:2      | Found a basalt altar of Yredelemnul.
  1459 | D:2      | Found a blossoming altar of Fedhas.
  1774 | D:3      | Noticed Natasha
  1789 | D:3      | Killed Natasha
  1789 | D:3      | Reached XP level 5. HP: 27/47 MP: 5/5
  1971 | D:3      | Reached skill level 5 in Fighting
  1971 | D:3      | Reached skill level 6 in Axes
  2024 | D:3      | Noticed Ijyb
  2035 | D:3      | Killed Ijyb
  2241 | D:3      | Found an ancient bone altar of Kikubaaqudgha.
  2299 | D:3      | Reached XP level 6. HP: 56/56 MP: 6/6
  2381 | D:3      | Noticed Natasha
  2388 | D:3      | Killed Natasha
  2523 | D:3      | Found a runed translucent door.
  2524 | D:3      | Noticed Crazy Yiuf
  2762 | D:3      | Noticed Natasha
  2767 | D:3      | Killed Natasha
  2767 | D:3      | Reached skill level 7 in Axes
  2841 | D:3      | Killed Crazy Yiuf
  2971 | D:4      | Reached skill level 8 in Axes
  2971 | D:4      | Reached XP level 7. HP: 62/63 MP: 7/7
  3135 | D:4      | Became a worshipper of Beogh the Brigand
  3330 | D:4      | Found a hazy altar of Hepliaklqana.
  3351 | D:5      | Entered Level 5 of the Dungeon
  3355 | D:5      | Reached skill level 9 in Axes
  3379 | D:5      | Noticed Eustachio
  3581 | D:5      | Killed Eustachio
  3581 | D:5      | Reached skill level 1 in Invocations
  3581 | D:5      | Reached XP level 8. HP: 48/71 MP: 9/9
  4010 | D:5      | Reached skill level 10 in Axes
  4112 | D:5      | Noticed Menkaure
  4126 | D:5      | Killed Menkaure
  4890 | D:6      | Reached * piety under Beogh
  4896 | D:6      | Reached skill level 11 in Axes
  5053 | D:6      | Found an ornate altar of the Wu Jian Council.
  5073 | D:6      | Reached XP level 9. HP: 81/81 MP: 12/12
  5096 | D:6      | Found an ancient bone altar of Kikubaaqudgha.
  5269 | D:6      | Reached skill level 5 in Invocations
  5707 | D:6      | Found a staircase to the Ecumenical Temple.
  5829 | D:6      | Found an iron altar of Okawaru.
  6098 | D:7      | Found Oxoas's Antique Weapon Emporium.
  6574 | D:7      | Noticed Joseph
  6589 | D:7      | HP: 1/82 [Joseph/cursed -2 quarterstaff (11)]
  6591 | D:7      | Mangled by Joseph

Skill      XL: |  1  2  3  4  5  6  7  8  9 |
---------------+----------------------------+-----
Axes           | 3 4 5 6 8 9 11 | 11.9
Fighting       | 4 5 6 8 |  8.6
Invocations    | 1 4 5 |  5.6
Armour         | |  3.2
Shields        | |  3.2

Action                   |  1- 3 |  4- 6 |  7- 9 || total
-------------------------+-------+-------+-------++-------
Melee: War axe           |   117 |   160 |   331 ||   608
Invok: Convert to Beogh  |       |       |     1 ||     1
  Use: Scroll            |       |     7 |     6 ||    13
       Potion            |       |     1 |     3 ||     4
 Stab: Invisible         |       |       |     2 ||     2
  Eat: Chunk             |       |     7 |    10 ||    17
Armor: Scale mail        |    57 |    91 |   191 ||   339
Dodge: Dodged            |    29 |    57 |    82 ||   168
Block: Shield            |    55 |    78 |   178 ||   311
